 Dungeon Crawl Stone Soup version 0.23-a0-586-gacb4b3f (webtiles) character file.

679 tilp the Chiller (level 7, -12/50 HPs)
             Began as a Merfolk Ice Elementalist on Dec 19, 2018.
             Killed by divine providence
             ... invoked by an orc priest
              (13 damage)
             ... on level 5 of the Dungeon.
             The game lasted 00:16:29 (6336 turns).

tilp the Chiller (Merfolk Ice Elementalist)         Turns: 6336, Time: 00:16:29

Health: -12/50     AC: 11    Str:  8    XL:     7   Next: 60%
Magic:  6/13       EV: 19    Int: 17    God:
Gold:   245        SH:  0    Dex: 19    Spells: 4/14 levels left

rFire    . . .     SeeInvis .   i - +2 dagger (elec)
rCold    . . .     Gourm    .   (no shield)
rNeg     . . .     Faith    .   b - +0 leather armour
rPois    .         Spirit   .   o - +0 helmet
rElec    .         Reflect  .   j - +0 cloak
rCorr    .         Harm     .   (no gloves)
MR       .....                  (no boots)
Stlth    +++.......             r - amulet of magic regeneration
HPRegen  0.16/turn              (no ring)
MPRegen  0.38/turn              (no ring)

@: agile, icy armour, drained
A: change form in water, swift swim, stealthy swim
a: no special abilities


You were on level 5 of the Dungeon.
You were very hungry.

You visited 1 branch of the dungeon, and saw 5 of its levels.

You collected 245 gold pieces.

Inventory:

Hand Weapons
 i - a +2 dagger of electrocution (weapon)
Missiles
 e - 194 stones
 u - 7 tomahawks (quivered)
Armour
 b - a +0 leather armour (worn)
 j - a +0 cloak (worn)
 o - a +0 helmet (worn)
Jewellery
 k - an uncursed ring of magical power {unknown}
 m - an uncursed ring of protection from cold {unknown}
 n - an uncursed ring of flight {unknown}
 r - an amulet of magic regeneration (around neck)
 w - a +2 ring of dexterity {unknown}
Scrolls
 a - 2 scrolls of enchant armour {unknown}
 d - a scroll of enchant weapon {unknown}
 f - 3 scrolls of identify
 g - 3 scrolls of amnesia
 h - 5 scrolls of teleportation
 l - 2 scrolls of noise {unknown}
 p - a scroll of immolation {unknown}
 q - 2 scrolls of blinking {unknown}
 s - a scroll of random uselessness {unknown}
 v - 2 scrolls of remove curse {unknown}
Comestibles
 c - 6 rations


   Skills:
 - Level 2.0(1.8) Fighting
 - Level 4.3(4.0) Dodging
 - Level 2.1(1.9) Stealth
 - Level 4.0(3.7) Spellcasting
 - Level 0.7(0.4) Conjurations
 + Level 7.5(7.2) Ice Magic


You had 4 spell levels left.
You knew the following spells:

 Your Spells              Type           Power        Failure   Level  Hunger
a - Freeze                Ice            ####         1%          1    None
b - Throw Frost           Conj/Ice       ###...       8%          2    ##.....
c - Ozocubu's Armour      Chrm/Ice       ###.....     16%         3    ###....
d - Blink                 Tloc           N/A          34%         2    ##.....
e - Slow                  Hex            #.......     34%         2    ##.....

Your spell library contained the following spells:

 Spells                   Type           Power        Failure   Level  Hunger
 Magic Dart               Conj           #...         19%         1    None
 Call Imp                 Summ           #.......     34%         2    ##.....
 Throw Icicle             Conj/Ice       ###.....     43%         4    ####...
 Summon Ice Beast         Ice/Summ       ###.....     47%         4    ####...
 Conjure Flame            Conj/Fire      #.......     54%         3    ###....
 Mephitic Cloud           Conj/Pois/Air  #.......     54%         3    ###....


Dungeon Overview and Level Annotations

Branches:
Dungeon (5/15)
 Temple: D:4-7

Altars:
Qazlal


Message History

The orc priest is severely wounded.
The orc priest hits you but does no damage.
You completely miss the orc priest.
The orc priest is severely wounded.
The orc priest hits you with a +0 whip.
You hit the orc priest but do no damage.
The orc priest is severely wounded.
The orc priest calls upon Beogh to heal the orc priest.
The orc priest is healed somewhat.
The orc priest mumbles some strange prayers to Beogh against you.
Beogh smites you!
* * * LOW HITPOINT WARNING * * *
u - 7 tomahawks (gained 3)
The orc priest begins to cast a cantrip, but forgets the words!
The orc priest misses you.
You feel agile all of a sudden. The orc priest closely misses you.
The orc priest invokes the aid of Beogh against you.
Beogh smites you!
You die...

#............
##...........
#..[.........
####....#....
#....#....
####.........
#............
#...o.(......
#..@o.......#
#####...####
#......#
#......#
#......#
#......#
#..o[..#
#[....##
#.....o


You could see 2 orc priests.

Vanquished Creatures
  Edmund (D:4)
  A howler monkey (D:4)
  An orc priest (D:4)
  2 orc wizards (D:4)
  Crazy Yiuf (D:4)
  An iguana (D:4)
  Natasha (thrice) (D:4)
  A centaur skeleton (D:4)
  3 worker ants (D:4)
  Robin (D:4)
  5 adders
  An ooze (D:1)
  5 worms
  2 dart slugs
  5 leopard geckos
  18 orcs
  9 bats
  4 giant cockroaches
  16 goblins
  10 hobgoblins
  22 jackals
  2 quokkas
  5 frilled lizards
  6 kobolds
  7 rats
  2 fungi (D:4)
134 creatures vanquished.

Notes
Turn   | Place    | Note
-------+----------+-------------------------------------------
     0 | D:1      | tilp the Merfolk Ice Elementalist began the quest for the
                  | Orb.
     0 | D:1      | Reached XP level 1. HP: 13/13 MP: 3/3
   313 | D:1      | Reached XP level 2. HP: 19/19 MP: 0/5
   326 | D:1      | Learned a level 2 spell: Throw Frost
   375 | D:1      | Reached skill level 4 in Ice Magic
   694 | D:1      | Reached XP level 3. HP: 18/24 MP: 0/6
   699 | D:1      | Learned a level 3 spell: Ozocubu's Armour
  1273 | D:2      | Reached skill level 5 in Ice Magic
  1504 | D:2      | Reached XP level 4. HP: 26/30 MP: 3/7
  3254 | D:3      | Reached XP level 5. HP: 32/35 MP: 0/9
  3977 | D:3      | Learned a level 2 spell: Blink
  3980 | D:3      | Learned a level 2 spell: Slow
  4101 | D:4      | Noticed Edmund
  4117 | D:4      | Noticed Natasha
  4130 | D:4      | Killed Natasha
  4130 | D:4      | Reached skill level 6 in Ice Magic
  4309 | D:4      | Noticed Natasha
  4317 | D:4      | Killed Natasha
  4317 | D:4      | Reached XP level 6. HP: 31/41 MP: 1/11
  4413 | D:4      | Noticed Natasha
  4418 | D:4      | Killed Natasha
  4492 | D:4      | Reached skill level 1 in Fighting
  5316 | D:4      | Reached XP level 7. HP: 42/50 MP: 10/13
  5568 | D:4      | Noticed Robin
  5582 | D:4      | Killed Robin
  5597 | D:4      | Found a stormy altar of Qazlal.
  5825 | D:4      | Killed Edmund
  5825 | D:4      | Reached skill level 7 in Ice Magic
  6216 | D:4      | Found a runed door.
  6220 | D:4      | Noticed Crazy Yiuf
  6226 | D:4      | Killed Crazy Yiuf
  6271 | D:5      | Entered Level 5 of the Dungeon
  6304 | D:5      | Got a twisted ring mail
  6305 | D:5      | Identified the +5 ring mail of Woumm {rC+ rN+ Int-3} (You
                  | found it on level 5 of the Dungeon)
  6334 | D:5      | HP: 1/50 [orc priest/divine providence (15)]
  6336 | D:5      | Killed from afar by an orc priest

Vault maps used:
D:1:      sevenhm_arrival_forest_fort_large_4, minmay_stone_trees_medium,
          corexii_leaking_fountain
D:4:      lemuel_coloured_pillars_altar, uniq_crazy_yiuf_cottage, uniq_robin,
          uniq_natasha, uniq_edmund
D:5:      first_ration, kennysheep_generic_room_7

Skill      XL: |  1  2  3  4  5  6  7 |
---------------+----------------------+-----
Ice Magic      | 4 5 6 7 |  7.5
Spellcasting   | 3 4 |  4.0
Fighting       | 2 |  2.0
Dodging        | 4 |  4.3
Stealth        | |  2.1
Conjurations   | |  0.7

Action                   |  1- 3 |  4- 6 |  7- 9 || total
-------------------------+-------+-------+-------++-------
Melee: Unarmed           |     2 |       |       ||     2
       Dagger            |    15 |    60 |    80 ||   155
Throw: Stone             |       |     3 |       ||     3
 Cast: Freeze            |    64 |   119 |    10 ||   193
       Ozocubu's Armour  |       |     6 |     6 ||    12
       Throw Frost       |       |    14 |    12 ||    26
       Slow              |       |       |     1 ||     1
  Use: Scroll            |       |     3 |     2 ||     5
       Potion            |       |     1 |     1 ||     2
 Stab: Sleeping          |     3 |     6 |     2 ||    11
  Eat: Chunk             |     3 |     8 |     2 ||    13
       Ration            |       |     2 |       ||     2
Armor: Leather armour    |    20 |    45 |    14 ||    79
       Robe              |     1 |       |       ||     1
Dodge: Dodged            |    63 |    84 |    29 ||   176

Table legend:
 A = Non-vault XP
 B = Vault XP
 C = Vault XP percentage of total XP
 D = Non-vault monster count
 E = Vault monster count
 F = Vault count percentage of total count
                 A         B        C        D         E       F
            +---------+---------+-------+---------+---------+-------
      Total |     705 |     266 |  27.4 |     116 |      16 |  12.1
            +---------+---------+-------+---------+---------+-------
        D:1 |      45 |       0 |   0.0 |      21 |       0 |   0.0
        D:2 |      87 |       0 |   0.0 |      33 |       0 |   0.0
        D:3 |     101 |       0 |   0.0 |      31 |       0 |   0.0
        D:4 |     469 |     266 |  36.2 |      30 |      16 |  34.8
        D:5 |       3 |       0 |   0.0 |       1 |       0 |   0.0
            +---------+---------+-------+---------+---------+-------
